 Dungeon Crawl Stone Soup version 0.20.1-1-g8b1a95d (webtiles) character file.

9 tidbits the Grave Robber (level 1, 0/14 HPs)
             Began as a Demigod Necromancer on Aug 24, 2017.
             Killed from afar by a dart slug (7 damage)
             ... with a slug dart
             ... on level 1 of the Dungeon.
             The game lasted 00:01:49 (245 turns).

tidbits the Grave Robber (Demigod Necromancer)       Turns: 245, Time: 00:01:50

Health: 0/14       AC:  3    Str: 11    XL:     1   Next: 86%
Magic:  5/5        EV: 12    Int: 19    God:
Gold:   31         SH:  0    Dex: 16    Spells: 1/3 levels left

rFire    . . .     SeeInvis .   a - +0 hunting sling
rCold    . . .     Gourm    .   (no shield)
rNeg     . . .     Faith    .   e - +0 robe
rPois    .         Spirit   .   (no helmet)
rElec    .         Reflect  .   (no cloak)
rCorr    .         Harm     .   G - +0 pair of gloves
MR       .....                  (no boots)
Stlth    ++........             (no amulet)
Regen    0.1/turn               (no ring)
MPRegen  0.1/turn               (no ring)

@: no status effects
A: high mp 1
a: no special abilities


You were on level 1 of the Dungeon.
You were not hungry.

You visited 1 branch of the dungeon, and saw 2 of its levels.

You collected 31 gold pieces.

Inventory:

Hand Weapons
 a - a +0 hunting sling (weapon)
Missiles
 f - 25 stones (quivered)
Armour
 e - a +0 robe (worn)
 G - a +0 pair of gloves (worn)
Scrolls
 d - a scroll of remove curse {unknown}
Potions
 h - a potion of curing {unknown}
Books
 b - a book of Necromancy

   Spells                             Type                      Level
   a - Pain                           Necromancy                   1
   b - Animate Skeleton               Necromancy                   1
   c - Vampiric Draining              Necromancy                   3
   d - Regeneration                   Charms/Necromancy            3
   e - Animate Dead                   Necromancy                   4
   f - Control Undead                 Necromancy                   4
Comestibles
 c - a bread ration
 g - a chunk of flesh


   Skills:
 - Level 1.7 Dodging
 - Level 1.7 Stealth
 + Level 1.9 Spellcasting
 * Level 4.0 Necromancy


You had one spell level left.
You knew the following spells:

 Your Spells              Type           Power        Failure   Level  Hunger
n - Animate Skeleton      Necr           N/A          3%          1    #......
z - Pain                  Necr           ###.         3%          1    #......


Dungeon Overview and Level Annotations

Branches:
Dungeon (2/15)


Innate Abilities, Weirdness & Mutations

You have an increased reservoir of magic. (+10% MP)


Message History

Press: ? - help, Shift-Dir - straight line, f/p - goblin
Aim: a goblin, wielding a club (moderately wounded, chance to defeat MR: 87%)
The goblin barely resists.
The goblin closely misses you.
Casting: Pain
Confirm with . or Enter, or press ? or * to list all spells.
Aiming: Pain
Press: ? - help, Shift-Dir - straight line, f/p - goblin
Aim: a goblin, wielding a club (moderately wounded, chance to defeat MR: 87%)
The goblin writhes in agony!
The goblin hits you but does no damage.
Casting: Pain
Confirm with . or Enter, or press ? or * to list all spells.
You don't have enough magic to cast that spell.
Firing (i - inventory):
f - 2 stones (quivered)
Press: ? - help, Shift-Dir - straight line, f/p - goblin
Aim: a goblin, wielding a club (almost dead)
You shoot a stone. The stone closely misses the goblin.
The goblin closely misses you.
Firing (i - inventory):
f - a stone (quivered)
Press: ? - help, Shift-Dir - straight line, f/p - goblin
Aim: a goblin, wielding a club (almost dead)
You shoot a stone. The stone hits the goblin!
You kill the goblin!
f - a stone You see here a club.
f - 2 stones (gained 1)
f - 3 stones (gained 1)
f - 4 stones (gained 1)
f - 5 stones (gained 1)
You see here a kobold corpse.
There is a stone staircase leading up here.
You climb upwards.
A frilled lizard and a goblin come into view.
The frilled lizard hisses angrily.
The goblin shouts!
The frilled lizard bites you but does no damage.
The frilled lizard bites you.
* * * LOW HITPOINT WARNING * * *
Found 22 stones.
There is a stone staircase leading down here.
The goblin hits you but does no damage.
Casting: Pain
Confirm with . or Enter, or press ? or * to list all spells.
Aiming: Pain
Press: ? - help, Shift-Dir - straight line, f - goblin
Aim: a goblin (chance to defeat MR: 87%)
The goblin writhes in agony!
You kill the goblin!
Casting: Pain
Confirm with . or Enter, or press ? or * to list all spells.
Aiming: Pain
Press: ? - help, Shift-Dir - straight line, f - frilled lizard
Aim: a frilled lizard (chance to defeat MR: 87%)
The frilled lizard writhes in agony!
You kill the frilled lizard!
Things that are here:
a frilled lizard corpse; a goblin corpse
f - 27 stones (gained 22)
A goblin comes into view. It is wielding a dagger.
Firing (i - inventory):
f - 27 stones (quivered)
Press: ? - help, Shift-Dir - straight line, f - goblin
Aim: a goblin, wielding a dagger (resting)
You shoot a stone. The stone hits the goblin.
The goblin shouts!
The goblin is moderately wounded.
Firing (i - inventory):
f - 26 stones (quivered)
Press: ? - help, Shift-Dir - straight line, f/p - goblin
Aim: a goblin, wielding a dagger (moderately wounded)
You shoot a stone. The stone hits the goblin!
You kill the goblin!
Your Necromancy skill increases to level 4!
f - 26 stones (gained 1)
Things that are here:
a dagger; a goblin corpse Memorise Animate Skeleton, consuming 1 spell level and leaving 1?
You start memorising the spell.
You continue memorising.
You finish memorising.
Spell assigned to 'n'.
Casting: Pain
Confirm with . or Enter, or press ? or * to list all spells.
You attempt to give life to the dead...
Before your eyes, flesh is ripped from the corpse!
The dead are walking!
g - a chunk of flesh You open the door.
There is an open door here.
You open the door.
There is an open door here.
There is an open door here.
Found a pink potion.
h - a pink potion
Found 10 gold pieces.
You now have 31 gold pieces (gained 10).
A dart slug comes into view.
Firing (i - inventory):
f - 26 stones (quivered)
Press: ? - help, Shift-Dir - straight line, f - dart slug
Aim: a dart slug (clinging, resting)
You shoot a stone. The stone hits the dart slug.
The dart slug is heavily wounded.
The dart slug launches a dart at you. The slug dart hits you!
Ouch! That really hurt!
You die...

#.#.#.#############
#.#.#.###.#..
##.#'#.....#.###
##....####.#.#.####
##....'....#.#..#..
##....####......#.#
##.....#........#.# .#
##.....#.#......#.#...##
................@.......
...#.........#....######
#..#######.#.####.#
...... ...#.# ...
############.# .... ..
..# .... .. ..... w#####


You could see a dart slug.

Vanquished Creatures
  A giant cockroach (D:2)
  4 goblins
  A kobold (D:2)
  A bat (D:1)
  A frilled lizard (D:1)
8 creatures vanquished.

Notes
Turn   | Place    | Note
-------+----------+-------------------------------------------
     0 | D:1      | tidbits the Demigod Necromancer began the quest for the Orb.
     0 | D:1      | Reached XP level 1. HP: 14/14 MP: 5/5
   179 | D:1      | Reached skill level 4 in Necromancy
   189 | D:1      | Learned a level 1 spell: Animate Skeleton
   245 | D:1      | Killed from afar by a dart slug

Skill      XL: |  1 |
---------------+----+-----
Necromancy     | 4 |  4.0
Dodging        | |  1.7
Stealth        | |  1.7
Spellcasting   | |  1.9

Action                   || total
-------------------------++-------
 Fire: Hunting sling     ||     8
 Cast: Pain              ||    11
       Animate Skeleton  ||     1
Armor: Robe              ||     2
Dodge: Dodged            ||     2

Table legend:
 A = Turns spent in this place as a percentage of turns spent in the entire game.
 B = Non-inter-level travel turns spent in this place as a percentage of non-inter-level travel turns spent in the entire game.
 C = Inter-level travel turns spent in this place as a percentage of turns spent in this place.
 D = Turns resting spent in this place as a percentage of non-inter-level travel turns spent in this place.
 E = Turns spent auto-exploring this place as a percentage of non-inter-level travel turns spent in this place.
 F = Non-inter-level travel turns spent in this place divided by the number of levels of this place that you've seen.
                   A       B       C       D       E      F
               +-------+-------+-------+-------+-------+----------------------
         Total | 100.0 | 100.0 |   0.0 |   0.0 |   0.0 | 104.0
       Dungeon | 100.0 | 100.0 |   0.0 |   0.0 |   0.0 | 104.0
               +-------+-------+-------+-------+-------+----------------------

Table legend:
 A = Kills in this place as a percentage of kills in entire the game.
 B = Kills by you in this place as a percentage of kills by you in the entire game.
 C = Kills by friends in this place as a percentage of kills by friends in the entire game.
 D = Other kills in this place as a percentage of other kills in the entire game.
 E = Experience gained in this place as a percentage of experience gained in the entire game.
 F = Experience gained in this place divided by the number of levels of this place that you have seen.
                   A       B       C       D       E      F
               +-------+-------+-------+-------+-------+----------------------
         Total | 100.0 | 100.0 |  -nan |  -nan | 100.0 |   6.5
       Dungeon | 100.0 | 100.0 |  -nan |  -nan | 100.0 |   6.5
               +-------+-------+-------+-------+-------+----------------------

Vault maps used:
D:1:      lightli_arrival_boilingwater
D:2:      old_standard_altar, nicolae_ru_path_of_blood, grunt_ministairs_1,
          st_stairs_14
